 Dungeon Crawl Stone Soup version 0.28-a0-1152-g9c71ebef14 (webtiles) character file.

Game seed: 11504607345480961651

2 spaghetti the Sneak (level 1, -1/18 HPs)
             Began as a Mummy Delver on Dec 14, 2021.
             Splashed by a jelly's acid (5 damage)
             ... on level 4 of the Dungeon.
             The game lasted 00:00:59 (347 turns).

spaghetti the Sneak (Mummy Delver)                   Turns: 347, Time: 00:01:00

Health: -1/18      AC: -1    Str: 15    XL:     1   Next: 33%
Magic:  1/1        EV: 11    Int:  9    God:
Gold:   0          SH:  0    Dex: 13    Spells: 0/0 levels left

rFire   x . .      SeeInvis .   a - +0 falchion {long}
rCold   + . .      Faith    .   (no shield)
rNeg    + + +      Spirit   .   b - +0 leather armour
rPois   ∞          Reflect  .   (no helmet)
rElec   .          Harm     .   (no cloak)
rCorr   .          Rampage  .   (no gloves)
Will    .....                   (no boots)
Stlth   ++........              (no amulet)
HPRegen 0.06/turn               (no ring)
MPRegen 0.07/turn               (no ring)

@: corroded
A: cold resistance 1, negative energy resistance 3, torment resistance 2, heat
vulnerability 1, no potions
a: no special abilities


You were on level 4 of the Dungeon.
You visited 1 branch of the dungeon, and saw 2 of its levels.


Innate Abilities, Weirdness & Mutations

You are immune to poison.
Your flesh is cold resistant. (rC+)
You are immune to negative energy. (rN+++)
You are immune to unholy pain and torment.
You are vulnerable to heat. (rF-)
You do not drink.


   Skills:
 + Level 3.2 Fighting
 - Level 1.5 Long Blades
 - Level 1.5 Dodging
 - Level 4.1 Stealth


You couldn't memorise any spells.
You didn't know any spells.
Your spell library was empty.

Inventory:

Hand Weapons
 a - a +0 falchion (weapon) {long}
Armour
 b - a +0 leather armour (worn)
Wands
 f - a wand of digging (2)
Scrolls
 c - a scroll of fog
 d - a scroll of magic mapping {!r}

Dungeon Overview and Level Annotations

Branches:
Dungeon (5/15)
 Temple: D:4-7

Altars:

#..
#.##+##.....
#...@J......
#...........
#...........
#...........
#...........
#...........
###...######
+...+


You could see a jelly.


Message History

😕 HP[-1]
You take 1 damage, and now have 17/18 hp.
You closely miss the jackal. The jackal closely misses you.
The jackal bites you but does no damage.
A jackal comes into view.
The jackal barely misses you. The jackal completely misses you.
You hit the jackal.
You kill the jackal!
An orc priest comes into view. It is wielding a +0 flail.
The jackal closely misses you. 😎 HP[+1]
Your hp is fully restored (18).
You closely miss the jackal.
The jackal bites you but does no damage.
The jackal closely misses you. x3
You barely miss the jackal. The jackal bites you. The jackal misses you.
The jackal closely misses you. 😕 HP[-2]
You take 2 damage, and now have 16/18 hp.
Unknown command.
You hit the jackal. The jackal bites you. x2
The jackal completely misses you. The jackal bites you. 😮 HP[-4]
You take 4 damage, and now have 12/18 hp.
MASSIVE DAMAGE!! (PAUSE)
You miss the jackal. The jackal misses you.
The jackal bites you but does no damage. x3
You closely miss the jackal. The jackal bites you.
* * * LOW HITPOINT WARNING * * *
The jackal barely misses you. The jackal misses you. 😨 HP[-3]
You take 3 damage, and now have 9/18 hp.
Unknown command.
You barely miss the jackal. The jackal barely misses you.
The jackal closely misses you.
The orc priest hits you with a +0 flail.
* * * LOW HITPOINT WARNING * * *
The jackal bites you.
* * * LOW HITPOINT WARNING * * *
The jackal misses you. 😱 HP[-5]
You take 5 damage, and now have 4/18 hp.
MASSIVE DAMAGE!! (PAUSE) Unknown command.
As you read the scroll of fear, it crumbles to dust.
You assume a fearsome visage.
The jackal looks frightened! x2
The orc priest looks frightened!
An orc wizard comes into view. It is wielding a +0 dagger. 😨 HP[+1]
The jackal seems to regain its courage.
You start resting. 😎 HP[+13]
Your hp is fully restored (18). 2 wights come into view. 3 wights come into view.
You start waiting.
A wight is nearby!
You closely miss the wight.
The wight hits you with a +5 flail. 😕 HP[-4]
You take 4 damage, and now have 14/18 hp.
MASSIVE DAMAGE!! (PAUSE)
Okay, then.
You can't drink.
Okay, then.
Unknown command.
Aiming: Dig
Press: ? - help, Shift-Dir - straight line A rock wall.
The rock shatters into small pieces.
Unknown command. 😕 HP[+1]
A scorpion comes into view.
Found a stone staircase leading up.
The wight misses you. 😕 HP[+1]
Found a spear.
Found a stone staircase leading up.
A jelly comes into view.
The jelly quivers.
The jelly hits you. The acid corrodes you!
You are splashed with acid!
* * * LOW HITPOINT WARNING * * *
😨 HP[-10]
You take 10 damage, and now have 6/18 hp.
MASSIVE DAMAGE!! (PAUSE) 😨 HP[+1]
You are no longer corroded. 😨 HP[+1]
The jelly jiggles.
There is a stone staircase leading up here.
The jelly barely misses you.
You climb upwards.
There is a stone staircase leading down here. 😨 HP[+1] Unknown command.
Unknown command.
You hit the jelly but do no damage.
Your hands burn!
* * * LOW HITPOINT WARNING * * *
The jelly hits you.
* * * LOW HITPOINT WARNING * * *
The acid corrodes you!
You are splashed with acid.
You die...

Action                   || total
-------------------------++-------
Melee: Falchion          ||    14
Evoke: Wand              ||     1
  Use: Scroll            ||     2
Armor: Leather armour    ||     7
Dodge: Dodged            ||    22

Levels and vault maps discovered:
D:4:      layout_basic, serial_corexii_hall, corexii_hall_statues_i,
          corexii_hall_statues_i, minmay_snake_closets
D:5:      layout_basic, minmay_temple_entry_tees, uniq_eustachio

Notes
Turn   | Place    | Note
-------+----------+-------------------------------------------
     0 | D:5      | spaghetti the Mummy Delver began the quest for the Orb.
     0 | D:5      | Reached XP level 1. HP: 18/18 MP: 1/1
     0 | D:5      | magus.rc [v1.9.6]
    15 | D:5      | Noticed an orc priest
    22 | D:5      | HP: 4/18 [jackal (1)]
    23 | D:5      | Noticed an orc wizard
   258 | D:5      | Noticed a wight
   258 | D:5      | Noticed a wight
   259 | D:5      | Noticed a wight
   259 | D:5      | Noticed a wight
   259 | D:5      | Noticed a wight
   287 | D:5      | Noticed a scorpion
   302 | D:5      | Noticed a jelly
   347 | D:4      | HP: 4/18 [jelly (1)]
   347 | D:4      | Splashed by a jelly's acid

Vanquished Creatures
  2 jackals (D:5)
2 creatures vanquished.

Table legend:
 A = Non-vault XP
 B = Vault XP
 C = Vault XP percentage of total XP
 D = Non-vault monster count
 E = Vault monster count
 F = Vault count percentage of total count
                 A         B        C        D         E       F
            +---------+---------+-------+---------+---------+-------
      Total |       4 |       0 |   0.0 |       2 |       0 |   0.0
            +---------+---------+-------+---------+---------+-------
        D:5 |       4 |       0 |   0.0 |       2 |       0 |   0.0
            +---------+---------+-------+---------+---------+-------

Illustrated notes

Table legend:
 A = Kills in this place as a percentage of kills in entire the game.
 B = Kills by you in this place as a percentage of kills by you in the entire game.
 C = Kills by friends in this place as a percentage of kills by friends in the entire game.
 D = Other kills in this place as a percentage of other kills in the entire game.
 E = Experience gained in this place as a percentage of experience gained in the entire game.
 F = Experience gained in this place divided by the number of levels of this place that you have seen.
                   A       B       C       D       E      F
               +-------+-------+-------+-------+-------+----------------------
         Total | 100.0 | 100.0 |   N/A |   N/A | 100.0 |   2.0
       Dungeon | 100.0 | 100.0 |   N/A |   N/A | 100.0 |   2.0
               +-------+-------+-------+-------+-------+----------------------

Table legend: (Time is in decaauts)
 A = Elapsed time spent in this place.
 B = Non-inter-level travel time spent in this place.
 C = Inter-level travel time spent in this place.
 D = Time resting spent in this place.
 E = Time spent auto-exploring this place.
 F = Levels seen in this place.
 G = Mean time per level.
                   A        B        C        D        E       F      G
               +--------+--------+--------+--------+--------+-----+--------+
         Total |    350 |    350 |      0 |    214 |     14 |   2 |  175.0 |
       Dungeon |    350 |    350 |      0 |    214 |     14 |   2 |  175.0 |
               +--------+--------+--------+--------+--------+-----+--------+

Top non-repeatable levels by time:
     D:5: 349 daAuts
     D:4: 0 daAuts
